 Dungeon Crawl Stone Soup version 0.31-a0-1309-gbf3fed3 (webtiles) character file.

Game seed: 6840302146334144393

587 edsrzf the Conjurer (level 7, -6/41 HPs)
             Began as an Octopode Hedge Wizard on Dec 19, 2023.
             Mangled by Pikel
             ... wielding a +1 whip of electrocution
              (15 damage)
             ... on level 4 of the Dungeon.
             The game lasted 00:11:30 (5195 turns).

edsrzf the Conjurer (Octopode Hedge Wizard)         Turns: 5195, Time: 00:11:31

Health: -6/41      AC:  1    Str:  9    XL:     7   Next: 38%
Magic:  11/14      EV: 13    Int: 18    God:
Gold:   438        SH:  0    Dex: 12    Spells: 9/16 levels left

rFire   . . .        a - +0 dagger (speed)
rCold   . . .        (no shield)
rNeg    . . .        b - +0 hat
rPois   .            (no amulet)
rElec   .            (no ring)
rCorr   .            (no ring)
SInv    .            (no ring)
Will    .....        (no ring)
Stlth   +++          (no ring)
HPRegen 0.26/turn    (no ring)
MPRegen 0.14/turn    (no ring)
                     (no ring)

%: no passive effects
@: no status effects
A: almost no armour, amphibious, 8 rings, camouflage 1, gelatinous body 1,
(nimble swimmer 1), tentacles
a: no special abilities


You were on level 4 of the Dungeon.
You visited 1 branch of the dungeon, and saw 4 of its levels.
You also visited: Ossuary.

You collected 438 gold pieces.

Inventory:

Hand Weapons
 a - a +0 dagger of speed (weapon)
Missiles
 d - 4 poisoned darts
Armour
 b - a +0 hat (worn)
Talismans
 h - a flux talisman
Scrolls
 e - a scroll of poison {unknown}
 f - 5 scrolls of teleportation {@r3}
 j - 2 scrolls of revelation
 k - a scroll of vulnerability {unknown}
 l - a scroll of enchant armour {unknown}
 n - a scroll of noise {unknown}
 r - a scroll of torment {unknown}
 t - a scroll of blinking {unknown}
 u - a scroll of brand weapon {unknown}
Potions
 c - a potion of magic
 g - a potion of haste {unknown}
 i - a potion of enlightenment
 m - 2 potions of invisibility
 o - 2 potions of mutation
 p - 2 potions of might {unknown}
 s - 2 potions of attraction {unknown}
 v - a potion of heal wounds {unknown}


   Skills:
 - Level 2.0 Dodging
 - Level 2.6 Stealth
 - Level 5.0 Spellcasting
 + Level 5.7 Conjurations
 - Level 1.0 Summonings
 - Level 1.0 Translocations
 + Level 1.4 Air Magic
 + Level 1.8 Poison Magic


You had 9 spell levels left.
You knew the following spells:

 Your Spells              Type           Power      Damage    Failure   Level
b - Blink                 Tloc           16%        N/A       13%         2
s - Slow                  Hex            16%        N/A       13%         1
C - Mephitic Cloud        Conj/Pois/Air  15%        N/A       12%         3
X - Magic Dart            Conj           100%       1d8       1%          1

Your spell library contained the following spells:

 Spells                   Type           Power      Damage    Failure   Level
 Call Imp                 Summ           16%        N/A       13%         2
 Cigotuvi's Dreadful Rot  Necr/Pois/Air  16%        N/A       13%         2


Dungeon Overview and Level Annotations

Branches:
Dungeon (4/15)            Ossuary (visited)
 Temple: D:4-7

Altars:
Hepliaklqana
Sif Muna
Trog
Yredelemnul

Annotations:
D:4 Pikel


Innate Abilities, Weirdness & Mutations

You cannot wear most types of armour.
You are amphibious.
You can wear up to eight rings at the same time.
Your skin changes colour to match your surroundings (Stealth+).
Your rubbery body absorbs attacks. (AC +1, EV +1)
((You are camouflaged when in or above water. (Stealth+)))
You have tentacles for arms and can constrict up to eight enemies at once.


Message History

The lemure is heavily wounded.
You constrict the lemure. You hit the lemure but do no damage.
The lemure is heavily wounded.
You constrict the lemure. The lemure hits you!
You hit the lemure but do no damage.
The lemure is heavily wounded.
You constrict the lemure. You hit the lemure.
The lemure is heavily wounded.
You constrict the lemure. The lemure barely misses you.
You hit the lemure but do no damage.
The lemure is severely wounded.
You constrict the lemure, but do no damage.
The lemure struggles to escape constriction.
You hit the lemure but do no damage.
The lemure is severely wounded.
You constrict the lemure. You hit the lemure.
The lemure is severely wounded.
You constrict the lemure, but do no damage.
The lemure struggles to escape constriction.
The lemure hits the lemure.
You hit the lemure but do no damage.
The lemure is almost dead.
You constrict the lemure.
The lemure escapes!
You hit the lemure but do no damage. Your grab misses the lemure.
The lemure is severely wounded.
You closely miss the lemure. You grab the lemure.
The lemure is severely wounded.
You constrict the lemure.
The lemure hits the lemure.
The lemure hits itself.
The lemure is killed!
That felt strangely unrewarding.
Casting: Mephitic Cloud (dangerous; 12% risk of failure)
Confirm with . or Enter, or press ? or * to list all spells.
Aiming: Mephitic Cloud (dangerous; 12% risk of failure)
Press: ? - help, Shift-Dir - straight line, f - lemure
Aim: a lemure (almost dead, confused, chance to affect: 77%)
The ball explodes into a vile cloud!
The stinking cloud engulfs the lemure but does no damage.
The lemure is almost dead.
The stinking cloud engulfs Pikel but does no damage.
Pikel is moderately wounded.
The lemure is engulfed in noxious fumes.
The lemure appears confused.
Unknown command.
You hit Pikel but do no damage. Your grab misses Pikel.
Your squeeze misses Pikel.
Pikel is moderately wounded.
Pikel hits you with a +1 whip of electrocution!
The lemure is engulfed in noxious fumes.
The lemure appears confused.
You hit Pikel but do no damage. You grab Pikel. You squeeze Pikel!
Pikel is heavily wounded.
You constrict Pikel, but do no damage.
Press: ? - help, v - describe, . - travel
Here: Pikel, wielding a +1 whip of electrocution and wearing a +2 robe of cold resistance (heavily wounded, constricted by you)
The floor.
You hit Pikel but do no damage.
Pikel is heavily wounded.
You constrict Pikel, but do no damage. Pikel closely misses you.
The lemure is engulfed in noxious fumes.
You hit Pikel but do no damage.
Pikel is heavily wounded.
You constrict Pikel, but do no damage.
Pikel hits you with a +1 whip of electrocution!
* * * LOW HITPOINT WARNING * * *
You feel better.
You constrict Pikel, but do no damage. Pikel misses you.
Casting: Mephitic Cloud (dangerous; 12% risk of failure)
Confirm with . or Enter, or press ? or * to list all spells.
Okay, then.
Unknown command.
Casting: Mephitic Cloud (dangerous; 12% risk of failure)
Confirm with . or Enter, or press ? or * to list all spells.
Aiming: Slow (safe; 13% risk of failure)
Press: ? - help, Shift-Dir - straight line, f - Pikel
Aim: Pikel, wielding a +1 whip of electrocution and wearing a +2 robe of cold resistance (heavily wounded, constricted by you, chance to affect: 37%)
Okay, then.
Okay, then.
You hit Pikel but do no damage.
Pikel is heavily wounded.
You constrict Pikel, but do no damage.
Casting: Slow (safe; 13% risk of failure)
Confirm with . or Enter, or press ? or * to list all spells.
Aiming: Slow (safe; 13% risk of failure)
Press: ? - help, Shift-Dir - straight line, f - Pikel
Aim: Pikel, wielding a +1 whip of electrocution and wearing a +2 robe of cold resistance (heavily wounded, constricted by you, chance to affect: 37%)
Okay, then.
You hit Pikel but do no damage.
Pikel is heavily wounded.
You constrict Pikel, but do no damage. Pikel closely misses you.
Unknown command.
You barely miss Pikel. You squeeze Pikel.
Pikel is severely wounded.
You constrict Pikel, but do no damage.
Pikel hits you with a +1 whip of electrocution!
* * * LOW HITPOINT WARNING * * *
You are electrocuted!
You die...
Pikel says, "See you in Hell!"

#.#..# ### #.#.########## ###
##.###.#<#...##...#
##.####......###.....†..#
##.#.#.........####.##...#
##.###..##.##........###.##
#.## ##....#.....##### #.#
##.###..#####...## #.#
##.#.#.# ##@## #.#
##.##.######K# #.#
#.##......).# #.#
#.#########'#* #.# #.# **...**
##.## #.# **5....**####...###
##.## **.......*#........#
##...####.........#.##...#.###
#.......+.........+...........


You could see Pikel.

Vanquished Creatures
  Sigmund (D:2)
  An ogre (D:4)
  3 lemures (D:4)
  Natasha (thrice) (D:2)
  Terence (D:2)
  8 mummies (Ossuary)
  Robin (D:3)
  3 adders
  A worm (D:2)
  4 dart slugs
  2 orcs (D:3)
  5 ball pythons
  8 endoplasms
  A giant cockroach (D:4)
  2 gnoll zombies (Ossuary)
  15 hobgoblins
  4 jackals (D:4)
  9 kobolds
  2 quokkas
  3 bats (D:1)
  12 goblins
  3 hobgoblin zombies (Ossuary)
  2 kobold zombies (Ossuary)
  An orc zombie (Ossuary)
  7 rats
102 creatures vanquished.

Notes
Turn   | Place    | Note
-------+----------+-------------------------------------------
     0 | D:1      | edsrzf the Octopode Hedge Wizard began the quest for the
                  | Orb.
     0 | D:1      | Reached XP level 1. HP: 11/11 MP: 4/4
   216 | D:1      | Reached skill level 2 in Conjurations
   216 | D:1      | Reached XP level 2. HP: 17/17 MP: 3/6
   822 | D:1      | Reached XP level 3. HP: 20/21 MP: 7/7
   946 | D:1      | Reached skill level 3 in Conjurations
  1057 | D:2      | Noticed Terence
  1091 | D:2      | Identified a potion of curing
  1092 | D:2      | Identified 3 scrolls of teleportation
  1094 | D:2      | Noticed Natasha
  1413 | D:2      | Learned a level 2 spell: Blink
  1476 | D:2      | Learned a level 1 spell: Slow
  1811 | D:2      | Noticed Sigmund
  1916 | D:3      | Reached XP level 4. HP: 27/27 MP: 3/8
  2142 | D:3      | Noticed Robin
  2170 | D:3      | Identified a potion of lignification
  2196 | D:3      | Killed Robin
  2553 | D:2      | Identified a potion of ambrosia
  2559 | D:2      | Killed Natasha
  2560 | D:2      | Reached skill level 4 in Conjurations
  2560 | D:2      | Reached XP level 5. HP: 15/31 MP: 10/10
  2607 | D:2      | Noticed Natasha
  2642 | D:2      | Killed Natasha
  2667 | D:2      | Noticed Natasha
  2675 | D:2      | Killed Natasha
  2676 | D:2      | Reached skill level 4 in Spellcasting
  2713 | D:2      | Learned a level 3 spell: Mephitic Cloud
  3150 | D:2      | Killed Terence
  3219 | D:2      | Killed Sigmund
  3220 | D:2      | Reached skill level 5 in Conjurations
  3220 | D:2      | Reached XP level 6. HP: 24/36 MP: 11/13
  3514 | D:3      | Found a hazy altar of Hepliaklqana.
  3514 | D:3      | Found a shimmering blue altar of Sif Muna.
  3514 | D:3      | Found a basalt altar of Yredelemnul.
  3597 | D:3      | Found a bloodstained altar of Trog.
  4062 | D:4      | Identified 4 scrolls of identify
  4062 | D:4      | Identified a potion of degeneration
  4063 | D:4      | Identified a potion of enlightenment
  4064 | D:4      | Identified a potion of invisibility
  4066 | D:4      | Identified 3 scrolls of revelation
  4131 | D:4      | Found a sand-covered staircase.
  4141 | Ossuary  | Entered an ossuary
  4389 | Ossuary  | Reached skill level 5 in Spellcasting
  4389 | Ossuary  | Reached XP level 7. HP: 41/41 MP: 5/14
  4752 | Ossuary  | Reached skill level 1 in Poison Magic
  4822 | Ossuary  | Identified 2 potions of mutation
  4869 | D:4      | Identified the +1 ring mail of the Land of Plenty {rC-
                  | Dex+5}
  4875 | D:4      | Reached skill level 1 in Air Magic
  5151 | D:4      | Noticed Pikel
  5195 | D:4      | Mangled by Pikel

Illustrated notes

Levels and vault maps discovered:
D:1:      minmay_arrival_stone_box, layout_loops_ring, kennysheep_crisscross,
          nicolae_twisty_statue_hallways
D:2:      minmay_door_path, layout_loops_ring, hangedman_decor_growths,
          nrook_uturn, uniq_sigmund, uniq_natasha, uniq_terence
D:3:      layout_basic, chequers_temple_overflow_statue_of_worship,
          lightli_temple_of_fire, uniq_robin
D:4:      layout_loops_corners, nicolae_ossuary_entry_monument,
          minmay_crossroads, uniq_pikel

Skill      XL: |  1  2  3  4  5  6  7 |
---------------+----------------------+-----
Conjurations   | 2 3 4 5 |  5.7
Spellcasting   | 4 5 |  5.0
Poison Magic   | 1 |  1.8
Air Magic      | 1 |  1.4
Dodging        | |  2.0
Stealth        | |  2.6
Summonings     | |  1.0
Translocations | |  1.0

Action                     |  1- 3 |  4- 6 |  7- 9 || total
---------------------------+-------+-------+-------++-------
  Melee: Dagger            |    41 |    45 |    31 ||   117
         Tentacles         |    11 |    15 |     8 ||    34
         Constrict         |     9 |     9 |     7 ||    25
         Unarmed           |       |    24 |       ||    24
         Punch             |       |       |     1 ||     1
   Cast: Magic Dart        |    70 |    98 |    50 ||   218
         Slow              |     2 |       |       ||     2
         Mephitic Cloud    |       |       |     2 ||     2
    Use: Scroll            |     2 |     4 |     1 ||     7
         Potion            |     1 |     2 |     1 ||     4
   Stab: Sleeping          |     5 |     2 |       ||     7
         Confused          |       |       |     1 ||     1
 Armour: Skin              |    27 |    51 |     7 ||    85
  Dodge: Dodged            |    22 |    25 |     8 ||    55

Table legend: (Time is in decaauts)
 A = Elapsed time spent in this place.
 B = Non-inter-level travel time spent in this place.
 C = Inter-level travel time spent in this place.
 D = Time resting spent in this place.
 E = Time spent auto-exploring this place.
 F = Levels seen in this place.
 G = Mean time per level.
                   A        B        C        D        E       F      G
               +--------+--------+--------+--------+--------+-----+--------+
         Total |   5232 |   4938 |    294 |   1401 |   2689 |   5 | 1046.4 |
       Dungeon |   4529 |   4235 |    294 |    953 |   2611 |   4 | 1132.2 |
       Ossuary |    703 |    703 |      0 |    448 |     78 |   1 |  703.0 |
               +--------+--------+--------+--------+--------+-----+--------+

Top non-repeatable levels by time:
     D:2: 1545 daAuts
     D:3: 1249 daAuts
     D:1: 1214 daAuts
 Ossuary: 703 daAuts
     D:4: 519 daAuts
